 Dungeon Crawl Stone Soup version 0.20-a0-522-g0b37eee (webtiles) character file.

114 Klosterheim the Poker (level 4, -9/41 HPs)
             Began as a Minotaur Fighter on Jan 26, 2017.
             Was an Initiate of Okawaru.
             Killed from afar by Promi's ghost (23 damage)
             ... with a stone arrow
             ... on level 3 of the Dungeon.
             The game lasted 00:02:22 (1750 turns).

Klosterheim the Poker (Minotaur Fighter)            Turns: 1750, Time: 00:02:23

Health: -9/41      AC:  9    Str: 21    XL:     4   Next: 67%
Magic:  3/3        EV:  7    Int:  5    God:    Okawaru [......]
Gold:   92         SH:  9    Dex: 10    Spells: 3/3 levels left

rFire    . . .     SeeInvis .   a - +0 trident
rCold    . . .     Gourm    .   b - +0 scale mail
rNeg     . . .     Faith    .   c - +0 shield
rPois    .         Spirit   .   (helmet restricted)
rElec    .         Reflect  .   (no cloak)
rCorr    .         Harm     .   r - +0 pair of gloves
MR       .....                  p - +0 pair of boots
Stlth    ..........             (no amulet)
Regen    0.2/turn               (no ring)
                                (no ring)

@: no status effects
A: retaliatory headbutt, horns 2
a: Renounce Religion


You were on level 3 of the Dungeon.
You worshipped Okawaru.
Okawaru was noncommittal.
You were hungry.

You visited 1 branch of the dungeon, and saw 3 of its levels.

You collected 92 gold pieces.

Inventory:

Hand Weapons
 a - a +0 trident (weapon)
Armour
 b - a +0 scale mail (worn)
 c - a +0 shield (worn)
 p - a +0 pair of boots (worn)
 r - a +0 pair of gloves (worn)
Scrolls
 e - 2 scrolls of identify {unknown}
 k - 3 scrolls of remove curse {unknown}
 l - a scroll of noise {unknown}
 o - a scroll of amnesia {unknown}
 q - a scroll of teleportation {unknown}
Potions
 d - 2 potions of might
 g - a potion of lignification {unknown}
 h - a potion of haste {unknown}
 n - a potion of curing {unknown}
Books
 j - a book of Minor Magic

   Spells                             Type                      Level
   a - Magic Dart                     Conjuration                  1
   b - Blink                          Translocation                2
   c - Call Imp                       Summoning                    2
   d - Repel Missiles                 Charms/Air                   2
   e - Slow                           Hexes                        2
   f - Conjure Flame                  Conjuration/Fire             3
   g - Mephitic Cloud                 Conjuration/Poison/Air       3
Comestibles
 f - 3 bread rations
 i - a meat ration


   Skills:
 + Level 4.8 Fighting
 * Level 5.0 Polearms
 - Level 3.6 Armour
 - Level 3.6 Shields


You had 3 spell levels left.
You didn't know any spells.

Dungeon Overview and Level Annotations

Branches:
Dungeon (3/15)

Altars:
Gozag
Okawaru

Annotations:
D:3 Promi's ghost, amateur DDEE


Innate Abilities, Weirdness & Mutations

You reflexively headbutt those who attack you in melee.
You have a pair of horns on your head.


Message History

Promi's ghost is heavily damaged.
You block Promi's ghost's attack.
Your shield and scale mail prevent you from hitting Promi's ghost.
Promi's ghost is heavily damaged.
Promi's ghost hits you.
Promi's ghost wails, "Death is your only future!"
You block Promi's ghost's attack.
You hit Promi's ghost but do no damage.
Promi's ghost is heavily damaged.
Promi's ghost casts a spell at you. The stone arrow hits you!
You closely miss Promi's ghost.
Promi's ghost is heavily damaged.
You block Promi's ghost's attack.
You completely miss Promi's ghost.
Promi's ghost is heavily damaged.
Promi's ghost casts a spell at you. The stone arrow hits you!
Ouch! That really hurt!
You die...

##.#..#...#........#
#.....#............#
...#.#...#........
##..#.##..#.##.#.#####
)..#......oh.........
#####.#.##.#.....#.#.##.
#....<.....#.#####.#.##g
#.#......#.#.. ..#W##)
#....@...##.. ####o##.
#....(W####..# #h..h
#............# ###..
###.#.######.# ..# #.#(#
..## ..#.# #.. .###.#
#.. .. #.# #.. #######.#
#..


You could see Promi's ghost.

Vanquished Creatures
  An orc priest (D:2)
  3 adders
  An ooze (D:2)
  A worm (D:2)
  2 leopard geckos
  4 orcs (D:3)
  5 giant cockroaches
  3 goblins (D:1)
  4 hobgoblins
  3 jackals
  7 bats
  4 frilled lizards
  7 kobolds
  3 rats
48 creatures vanquished.

Notes
Turn   | Place    | Note
-------+----------+-------------------------------------------
     0 | D:1      | Klosterheim the Minotaur Fighter began the quest for the Orb.
     0 | D:1      | Reached XP level 1. HP: 19/19 MP: 0/0
   104 | D:1      | You fall through a shaft!
   115 | D:2      | Reached skill level 3 in Polearms
   242 | D:2      | Found an opulent altar of Gozag.
   270 | D:2      | Reached XP level 2. HP: 27/27 MP: 1/1
   444 | D:2      | Found an iron altar of Okawaru.
   557 | D:2      | Became a worshipper of Warmaster Okawaru
   889 | D:1      | Reached XP level 3. HP: 33/33 MP: 2/2
  1028 | D:1      | Reached skill level 4 in Polearms
  1394 | D:3      | Reached XP level 4. HP: 40/40 MP: 3/3
  1417 | D:3      | Noticed Promi's ghost (amateur DDEE)
  1456 | D:2      | Reached skill level 5 in Polearms
  1750 | D:3      | Killed from afar by Promi's ghost

Vault maps used:
D:1:      ncdulo_lavacross
D:2:      marbit_many_paths, nicolae_overflow_hidden_temple, serial_forest,
          infiniplex_forest_clump_small, infiniplex_forest_zigzag_1,
          infiniplex_forest_end_3, infiniplex_forest_clump_diagonal,
          infiniplex_forest_straight_2, infiniplex_forest_clump_medium,
          infiniplex_forest_clump_long, infiniplex_forest_clump_long,
          infiniplex_forest_end_2, infiniplex_forest_lined_room_2
D:3:      minmay_box_of_dots

Skill      XL: |  1  2  3  4 |
---------------+-------------+-----
Polearms       | 3 4 5 |  5.0
Fighting       | 4 |  4.8
Armour         | |  3.6
Shields        | |  3.6

Action                   |  1- 3 |  4- 6 || total
-------------------------+-------+-------++-------
Melee: Trident           |    92 |    49 ||   141
       Headbutt          |    13 |     5 ||    18
  Eat: Chunk             |     2 |       ||     2
Armor: Scale mail        |    31 |    26 ||    57
Dodge: Dodged            |    22 |    20 ||    42
Block: Shield            |    37 |    35 ||    72
